 Seeded DCSS version 0.29-a0-409-gd843f3a48c (webtiles) character file.

Game seed: 17930253926559947122 (custom seed)

3751 zeratav the Geomancer (level 10, -8/56 HPs)
             Began as an Octopode Earth Elementalist on May 14, 2022.
             Was an Initiate of Gozag.
             Mangled by a vampire mosquito (10 damage)
             ... on level 8 of the Dungeon.
             The game lasted 00:18:23 (8894 turns).

zeratav the Geomancer (Octopode Earth Elementalist) Turns: 8894, Time: 00:18:24

Health: -8/56      AC:  1    Str: 12    XL:     10   Next: 15%
Magic:  11/21      EV: 13    Int: 20    God:    Gozag
Gold:   508        SH:  0    Dex: 12    Spells: 19/23 levels left

rFire   . . .      SeeInvis .   C - staff of earth {staff}
rCold   . . .      Faith    .   (no shield)
rNeg    + . .      Spirit   .   (helmet restricted)
rPois   +          Reflect  .   d - amulet of the acrobat
rElec   .          Harm     .   w - ring of wizardry
rCorr   .          Rampage  .   y - ring of wizardry
Will    +....                   N - ring of Micakk {rPois rN+ Will+ Str+4 Int-2}
Stlth   +++.......              (no ring)
HPRegen 0.18/turn               (no ring)
MPRegen 0.17/turn               (no ring)
                                (no ring)
                                (no ring)

@: gold aura
A: almost no armour, amphibious, 8 rings, camouflage 1, gelatinous body 1,
(nimble swimmer 1), tentacles
a: Renounce Religion, Potion Petition, Call Merchant, Bribe Branch


You were on level 8 of the Dungeon.
You worshipped Gozag.
Gozag was pleased with you.
You visited 1 branch of the dungeon, and saw 8 of its levels.

You collected 608 gold pieces.
You paid 100 gold pieces to Gozag.


Innate Abilities, Weirdness & Mutations

You cannot wear most types of armour.
You are amphibious.
You can wear up to eight rings at the same time.
Your skin changes colour to match your surroundings (Stealth+).
Your rubbery body absorbs attacks. (AC +1, EV +1)
((You are camouflaged when in or above water. (Stealth+)))
You have tentacles for arms and can constrict up to eight enemies at once.


   Skills:
 - Level 2.0 Dodging
 - Level 2.6 Stealth
 + Level 7.3 Spellcasting
 + Level 4.9 Transmutations
 * Level 11.4 Earth Magic


You had 19 spell levels left.
You knew the following spells:

 Your Spells              Type           Power      Damage    Failure   Level
a - Sandblast             Erth           100%       2d20      1%          1
b - Stone Arrow           Conj/Erth      90%        3d12      1%          3

Your spell library contained the following spells:

 Spells                   Type           Power      Damage    Failure   Level
 Passwall                 Tmut/Erth      46%        N/A       1%          2
 Petrify                  Tmut/Erth      56%        N/A       1%          4
 Animate Skeleton         Necr           14%        N/A       2%          1
 Pain                     Necr           28%        1d5       2%          1
 Slow                     Hex            28%        N/A       2%          1
 Ignite Poison            Fire/Tmut/Pois 13%        N/A       4%          3
 Confusing Touch          Hex            7%         N/A       7%          3
 Conjure Flame            Conj/Fire      7%         6-21      7%          3
 Dazzling Flash           Conj/Hex       14%        N/A       7%          3
 Vampiric Draining        Necr           7%         2d6       7%          3
 Ice Form                 Ice/Tmut       17%        N/A       9%          4
 Hailstorm                Conj/Ice       7%         3d4       22%         4
 Sticky Flame             Conj/Fire      7%         2d3       22%         4
 Agony                    Necr           7%         N/A       50%         5
 Excruciating Wounds      Necr           3%         N/A       50%         5
 Silence                  Hex/Air        3%         N/A       50%         5
 Simulacrum               Ice/Necr       3%         N/A       96%         6
 Death's Door             Necr           3%         N/A       100%        9

Inventory:

Hand Weapons
 f - a +5 great sword of freezing {long}
   (You took it off a wight on level 6 of the Dungeon)
 o - a +2 whip of electrocution {mace}
   (You took it off a gnoll on level 2 of the Dungeon)
 D - a +4 falchion {long}
   (You took it off a wight on level 6 of the Dungeon)
 I - a +4 flail {mace}
   (You took it off a wight on level 7 of the Dungeon)
 J - a +3 long sword {long}
   (You took it off a wight on level 7 of the Dungeon)
 K - a +2 hand axe {axe}
   (You took it off a wight on level 7 of the Dungeon)
 O - a +4 trident {polearm}
   (You took it off a wight on level 7 of the Dungeon)
 P - a +5 morningstar {mace}
   (You took it off a wight on level 7 of the Dungeon)
 R - a +4 short sword of draining {short}
   (You took it off an orc priest on level 7 of the Dungeon)
Missiles
 a - 295 stones {throwing}
Magical Staves
 C - a staff of earth (weapon) {staff}
   (You found it on level 1 of the Dungeon)
Jewellery
 d - an amulet of the acrobat (around mantle)
   (You found it on level 1 of the Dungeon)
 w - a ring of wizardry (left tentacle)
   (You found it on level 3 of the Dungeon)
 y - a ring of wizardry (right tentacle)
   (You found it on level 3 of the Dungeon)
 N - the ring of Micakk (on tentacle) {rPois rN+ Will+ Str+4 Int-2}
   (You found it on level 7 of the Dungeon)

   [ring of positive energy]

   Str:       It affects your strength (+4).
   Int:       It affects your intelligence (-2).
   rPois:     It protects you from poison.
   rN:        It protects you from negative energy.
   Will:      It increases your willpower.
Wands
 v - a wand of flame (14)
   (You found it on level 3 of the Dungeon)
 S - a wand of paralysis (6)
   (You found it on level 7 of the Dungeon)
 T - a wand of iceblast (13)
   (You found it on level 8 of the Dungeon)
Scrolls
 g - a scroll of enchant armour
 h - 3 scrolls of enchant weapon
 i - 2 scrolls of brand weapon
 m - a scroll of summoning
 n - a scroll of identify {@r1}
 t - a scroll of immolation {!r!r}
 u - 2 scrolls of vulnerability {!r!r}
 z - 3 scrolls of amnesia
 A - 2 scrolls of teleportation {unknown}
 F - a scroll of torment {unknown}
 G - a scroll of fog {unknown}
 H - a scroll of poison {unknown}
 M - a scroll of magic mapping {unknown}
Potions
 b - 2 potions of might {unknown}
 c - 5 potions of curing {unknown}
 j - 6 potions of brilliance {unknown}
 k - 2 potions of berserk rage {unknown}
 l - 2 potions of flight {unknown}
 p - 4 potions of cancellation {unknown}
 q - 2 potions of mutation {unknown}
 r - 2 potions of lignification {unknown}
 s - 6 potions of attraction {unknown}
 x - a potion of invisibility {unknown}
 B - a potion of resistance {unknown}
 E - 2 potions of magic
 L - 2 potions of degeneration {unknown}
 Q - 2 potions of haste {unknown}

Dungeon Overview and Level Annotations

Branches:
Dungeon (8/15)             Temple (0/1) D:5
   Lair: D:8-11

Altars:
Dithmenos
Gozag
Hepliaklqana
Kikubaaqudgha
Makhleb
Nemelex Xobeh
Qazlal
Ru
Trog
Vehumet
Wu Jian

Shops:
D:2 =

Annotations:
D:8 3 runed translucent doors, bande's ghost, novice HOFi

##.......>..
#..###.##....###
##.###.# #..?..
#..##.# #)##..
##....# #.##.#
#....# #.##.# #
##...####.##.##.#
###............#
# ###....##@#
.##.###...#y####
#.#..###..TY..#
..###....###..Y.#
#.......T...##..#
#.###....###Y...#
#.#..###Y..##.#
.##.###.Y.### .#
# ###...### .#


You could see 2 yaks, a troll and a vampire mosquito.


Message History

Confirm with . or Enter, or press ? or * to list all spells.
Aiming: Sandblast (safe; 1% risk of failure)
Press: ? - help, Shift-Dir - straight line, f - wyvern
Aim: a wyvern (84% to hit)
You feel a surge of power!
The blast of sand hits the wyvern!
The wyvern closely misses you.
Casting: Sandblast (safe; 1% risk of failure)
Confirm with . or Enter, or press ? or * to list all spells.
Aiming: Sandblast (safe; 1% risk of failure)
Press: ? - help, Shift-Dir - straight line, f/p - wyvern
Aim: a wyvern (heavily wounded, 84% to hit)
You feel a surge of power!
The blast of sand hits the wyvern!
You kill the wyvern!
MP[-1]
You lost 1 mp, and now have 17/20 mp.
Okay, then.
Aiming: Paralyse
Press: ? - help, Q - select action, (/) - cycle Shift-Dir - straight line, f - yak
Aim: a yak (chance to affect: 49%)
The yak resists with some effort.
The yak gores you!
* * * LOW HITPOINT WARNING * * *
HP[-8]
You take 8 damage, and now have 14/56 hp.
Aiming: Paralyse
Press: ? - help, Shift-Dir - straight line, f/p - yak
Aim: a yak (chance to affect: 49%)
The yak resists with some effort.
The yak gores you!
* * * LOW HITPOINT WARNING * * *
HP[-13]
You take 13 damage, and now have 1/56 hp.
MASSIVE DAMAGE!! (PAUSE)
Aiming: Paralyse
Press: ? - help, Shift-Dir - straight line, f/p - yak
Aim: a yak (chance to affect: 49%)
The yak suddenly stops moving!
A vampire mosquito and a troll come into view.
HP[+1]
As you read the scroll of identify {@r1}, it crumbles to dust.
z - 3 scrolls of amnesia MP[+1]
As you read the scroll of identify {@r1}, it crumbles to dust.
u - 2 scrolls of vulnerability The troll shouts!
HP[+1]
As you read the scroll of identify {@r1}, it crumbles to dust.
e - a scroll of blinking The vampire mosquito buzzes angrily.
MP[+1]
Casting: Sandblast (safe; 1% risk of failure)
Confirm with . or Enter, or press ? or * to list all spells.
Okay, then.
Aiming: Paralyse
Press: ? - help, Q - select action, (/) - cycle Shift-Dir - straight line, f - vampire mosquito, p - yak
Aim: a vampire mosquito (chance to affect: 49%)
The vampire mosquito resists with some effort.
The vampire mosquito misses you.
The vampire mosquito bites you but does no damage.
The vampire mosquito attacks as you move away!
The vampire mosquito misses you.
The yak is no longer paralysed.
The vampire mosquito misses you.
Blink to where?
Press: ? - help, Q - select action, (/) - cycle Dir - move target, p - vampire mosquito
As you read the scroll of blinking {!r}, it crumbles to dust.
HP[+1] MP[+1]
Your mp is fully restored (20).
Casting: Sandblast (safe; 1% risk of failure)
Confirm with . or Enter, or press ? or * to list all spells.
Aiming: Stone Arrow (safe; 1% risk of failure)
Press: ? - help, Shift-Dir - straight line, f - yak
Aim: a yak (85% to hit)
You feel a surge of power!
The stone arrow hits the yak!!
The yak bellows!
You hear a bellow!
You hear an angry hiss.
The yak barely misses you.
MP[-3]
You lost 3 mp, and now have 17/20 mp.
Casting: Stone Arrow (safe; 1% risk of failure)
Confirm with . or Enter, or press ? or * to list all spells.
Aiming: Stone Arrow (safe; 1% risk of failure)
Press: ? - help, Shift-Dir - straight line, f/p - yak
Aim: a yak (heavily wounded, 85% to hit)
You feel a surge of power!
The stone arrow hits the yak!!
You kill the yak!
The vampire mosquito bites you.
* * * LOW HITPOINT WARNING * * *
The vampire mosquito draws strength from your injuries!
HP[-2] MP[-3]
You take 2 damage, and now have 2/56 hp.
You lost 3 mp, and now have 14/21 mp.
Casting: Stone Arrow (safe; 1% risk of failure)
Confirm with . or Enter, or press ? or * to list all spells.
Aiming: Stone Arrow (safe; 1% risk of failure)
Press: ? - help, Shift-Dir - straight line, f - vampire mosquito
Aim: a vampire mosquito (60% to hit)
You feel a surge of power!
The stone arrow hits the vampire mosquito!
The vampire mosquito bites you!
You die...
Your body crumbles into a pile of gold.

Skill      XL: |  1  2  3  4  5  6  7  8  9 |
---------------+----------------------------+-----
Earth Magic    | 4 5 6 7 9 11 | 11.4
Spellcasting   | 3 4 6 7 |  7.3
Transmutations | 2 4 |  4.9
Dodging        | |  2.0
Stealth        | |  2.6

Action                   |  1- 3 |  4- 6 |  7- 9 | 10-12 || total
-------------------------+-------+-------+-------+-------++-------
Melee: Short sword       |    35 |     5 |       |       ||    40
       Tentacles         |     9 |     8 |     2 |     1 ||    20
       Club              |     2 |       |       |       ||     2
       Constrict         |    10 |    10 |     3 |       ||    23
       Punch             |     1 |       |       |       ||     1
       Whip              |       |    38 |       |       ||    38
       Staff             |       |       |    11 |     1 ||    12
 Cast: Sandblast         |    20 |    25 |    59 |     5 ||   109
       Stone Arrow       |       |     7 |    42 |     8 ||    57
Evoke: Wand              |       |       |       |     4 ||     4
  Use: Potion            |       |       |     1 |       ||     1
       Scroll            |       |       |     6 |     4 ||    10
 Stab: Sleeping          |     5 |     3 |       |       ||     8
       Distracted        |     2 |       |       |       ||     2
Armor: Skin              |     3 |     7 |     3 |     1 ||    14
Dodge: Dodged            |    19 |    46 |    26 |    10 ||   101

Levels and vault maps discovered:
D:1:      dpeg_arrival_yet_another_circle, layout_basic, serial_rivers,
          chequers_serial_rivers_small_b, chequers_serial_rivers_large_b,
          chequers_serial_rivers_micro_b, chequers_serial_rivers_room_b,
          chequers_serial_rivers_micro_c, chequers_serial_rivers_large_a,
          chequers_ecumenical_altar_lobes
D:2:      layout_rooms, serial_shops, shop
D:3:      layout_basic, minmay_fractal_squares_diagonal_5
D:4:      layout_rooms, nicolae_ru_awakened_eye, mainiacjoe_overflow_boulevard
D:5:      layout_loops_ring, minmay_temple_entry_tees
D:6:      layout_cave_pools, overflow_temple_1_default,
          grunt_temple_overflow_octagram, makhleb_altar_promises_db,
          serial_column_ruins, column_ruins_open_tiny,
          column_ruins_columns_straight, column_ruins_columns_straight,
          column_ruins_grid_3, column_ruins_open_small, uniq_eustachio
D:7:      layout_loops_ring, nicolae_water_bricks
D:8:      minmay_the_grid_four_pointed_star
          [minmay_the_grid_triangle_9x9_flanged_cone,
          minmay_the_grid_triangle_9x9_warning,
          minmay_the_grid_triangle_9x9_odd_lines,
          minmay_the_grid_triangle_9x9_stretched_checkered,
          minmay_the_grid_prize_trominoes], layout_loops_ring,
          minmay_lair_entry_grove, serial_shops, shop,
          gammafunk_ghost_nasty_kobolds, small_chamber_with_monster,
          kennysheep_generic_room_7, uniq_grum

Notes
Turn   | Place    | Note
-------+----------+-------------------------------------------
     0 | D:1      | zeratav the Octopode Earth Elementalist began the quest for
                  | the Orb.
     0 | D:1      | Reached XP level 1. HP: 11/11 MP: 3/3
     0 | D:1      | magus.rc [v1.9.6]
   198 | D:1      | Reached XP level 2. HP: 17/17 MP: 5/5
   825 | D:1      | Found a faded altar of an unknown god.
   910 | D:1      | Reached XP level 3. HP: 21/21 MP: 6/6
  1117 | D:1      | You pick up a book of Necromancy and begin reading...
  1117 | D:1      | You add the spells Pain, Animate Skeleton and Vampiric
                  | Draining to your library.
  1573 | D:2      | Reached skill level 4 in Earth Magic
  1629 | D:2      | Found Biewk's Jewellery Boutique.
  1744 | D:2      | Noticed a scorpion
  1750 | D:2      | Killed a scorpion
  1751 | D:2      | Reached XP level 4. HP: 16/27 MP: 2/8
  1975 | D:2      | Reached skill level 3 in Spellcasting
  1983 | D:2      | Reached XP level 5. HP: 19/31 MP: 7/9
  1996 | D:2      | Reached skill level 5 in Earth Magic
  2373 | D:2      | You add the spells Excruciating Wounds and Death's Door to
                  | your library.
  2373 | D:2      | Got Ubiodel's Tome of Evil Arts
  2924 | D:3      | Learned a level 3 spell: Stone Arrow
  3416 | D:4      | Found an ancient bone altar of Kikubaaqudgha.
  3430 | D:4      | Noticed a kobold brigand
  3493 | D:4      | Reached XP level 6. HP: 36/36 MP: 11/11
  3525 | D:4      | HP: 9/36 [poisoned by a scorpion]
  3530 | D:4      | HP: 4/36 [poisoned by a scorpion]
  3926 | D:4      | Reached skill level 6 in Earth Magic
  4132 | D:4      | Reached skill level 4 in Spellcasting
  4469 | D:4      | Reached XP level 7. HP: 35/41 MP: 8/13
  4521 | D:4      | You pick up a book of the Tundra and begin reading...
  4521 | D:4      | You add the spells Hailstorm, Ice Form and Simulacrum to
                  | your library.
  4997 | D:4      | Found a sacrificial altar of Ru.
  5007 | D:4      | Reached skill level 7 in Earth Magic
  5183 | D:5      | Entered Level 5 of the Dungeon
  5294 | D:5      | Found a staircase to the Ecumenical Temple.
  5406 | D:5      | HP: 9/41 [poisoned by a wight]
  5410 | D:5      | HP: 4/41 [poisoned by a wight]
  5514 | D:5      | Reached XP level 8. HP: 18/46 MP: 8/15
  5705 | D:5      | Reached skill level 5 in Spellcasting
  5716 | D:5      | Reached skill level 8 in Earth Magic
  5848 | D:5      | Noticed a vampire
  5902 | D:5      | Killed a vampire
  6237 | D:5      | You add the spells Conjure Flame, Ignite Poison and Sticky
                  | Flame to your library.
  6597 | D:6      | Found a radiant altar of Vehumet.
  6603 | D:6      | Reached skill level 9 in Earth Magic
  6737 | D:6      | Noticed Eustachio
  6751 | D:6      | Killed Eustachio
  6818 | D:6      | Reached skill level 6 in Spellcasting
  6819 | D:6      | Reached skill level 2 in Transmutations
  6977 | D:6      | Found a burning altar of Makhleb.
  6980 | D:6      | Noticed a balrug
  6989 | D:6      | Reached XP level 9. HP: 51/51 MP: 15/18
  7274 | D:6      | Found a hazy altar of Hepliaklqana.
  7278 | D:6      | Found a shadowy altar of Dithmenos.
  7292 | D:6      | Found an ornate altar of the Wu Jian Council.
  7299 | D:6      | Found a stormy altar of Qazlal.
  7305 | D:6      | Found a bloodstained altar of Trog.
  7312 | D:6      | Found a sparkling altar of Nemelex Xobeh.
  7318 | D:6      | Found an opulent altar of Gozag.
  7322 | D:6      | Became a worshipper of Gozag Ym Sagoz the Greedy
  7482 | D:7      | Reached skill level 3 in Transmutations
  7482 | D:7      | Reached skill level 10 in Earth Magic
  7611 | D:7      | You pick up a book of Debilitation and begin reading...
  7611 | D:7      | You add the spells Slow and Confusing Touch to your
                  | library.
  7638 | D:7      | Identified the +3 leather armour "Urireenaju" {+Inv rElec
                  | Str-2 Dex+3}
  7656 | D:7      | Identified the ring of Micakk {rPois rN+ Will+ Str+4 Int-2}
  8034 | D:7      | You pick up a book of the Senses and begin reading...
  8034 | D:7      | You add the spells Dazzling Flash, Agony and Silence to
                  | your library.
  8245 | D:7      | Noticed a cyclops
  8250 | D:7      | Reached skill level 4 in Transmutations
  8282 | D:7      | Killed a cyclops
  8283 | D:7      | Reached skill level 7 in Spellcasting
  8289 | D:7      | Reached skill level 11 in Earth Magic
  8404 | D:7      | Reached XP level 10. HP: 54/56 MP: 14/20
  8808 | D:8      | Found a runed translucent gate.
  8808 | D:8      | Found a runed translucent gate.
  8808 | D:8      | Found a runed translucent gate.
  8809 | D:8      | Noticed bande's ghost (novice HOFi)
  8875 | D:8      | HP: 14/56 [yak (8)]
  8876 | D:8      | HP: 1/56 [yak (13)]
  8893 | D:8      | HP: 2/56 [vampire mosquito (2)]
  8894 | D:8      | Mangled by a vampire mosquito

Vanquished Creatures
  A cyclops (D:7)
  A yak (D:8)
  A vampire (D:5)
  A wyvern (D:8)
  Eustachio (D:6)
  A steam dragon (D:6)
  A water moccasin (D:8)
  3 ice beasts
  A sky beast (D:7)
  2 black bears (D:7)
  3 ogres
  A kobold brigand (D:4)
  A necrophage (D:7)
  A bullfrog (D:4)
  4 scorpions
  15 wights
  An electric eel (D:7)
  7 hounds
  A jelly (D:5)
  An orc priest (D:7)
  A gnoll shaman (D:7)
  An orc wizard (D:7)
  2 iguanas
  An adder (D:5)
  12 gnolls
  A shadow imp (D:6)
  A white imp (D:7)
  2 worms (D:2)
  2 dart slugs (D:1)
  5 orcs
  8 bats
  An endoplasm (D:1)
  3 giant cockroaches
  6 goblins
  6 hobgoblins
  14 kobolds
  3 quokkas
  2 ball pythons (D:3)
  3 frilled lizards
  6 rats
128 creatures vanquished.

Vanquished Creatures (others)
  A fungus (D:8)
  10 plants (D:8)
11 creatures vanquished.

Grand Total: 139 creatures vanquished

Table legend:
 A = Non-vault XP
 B = Vault XP
 C = Vault XP percentage of total XP
 D = Non-vault monster count
 E = Vault monster count
 F = Vault count percentage of total count
                 A         B        C        D         E       F
            +---------+---------+-------+---------+---------+-------
      Total |    4712 |     647 |  12.1 |     118 |      10 |   7.8
            +---------+---------+-------+---------+---------+-------
        D:1 |      39 |       0 |   0.0 |      23 |       0 |   0.0
        D:2 |     169 |       0 |   0.0 |      18 |       0 |   0.0
        D:3 |      14 |       9 |  39.1 |       9 |       6 |  40.0
        D:4 |     643 |       0 |   0.0 |      16 |       0 |   0.0
        D:5 |     888 |       0 |   0.0 |      14 |       0 |   0.0
        D:6 |     643 |     188 |  22.6 |       9 |       1 |  10.0
        D:7 |    2169 |       0 |   0.0 |      28 |       0 |   0.0
        D:8 |     147 |     450 |  75.4 |       1 |       3 |  75.0
            +---------+---------+-------+---------+---------+-------

Illustrated notes

Table legend:
 A = Kills in this place as a percentage of kills in entire the game.
 B = Kills by you in this place as a percentage of kills by you in the entire game.
 C = Kills by friends in this place as a percentage of kills by friends in the entire game.
 D = Other kills in this place as a percentage of other kills in the entire game.
 E = Experience gained in this place as a percentage of experience gained in the entire game.
 F = Experience gained in this place divided by the number of levels of this place that you have seen.
                   A       B       C       D       E      F
               +-------+-------+-------+-------+-------+----------------------
         Total | 100.0 | 100.0 |   N/A |   N/A | 100.0 | 669.9
       Dungeon | 100.0 | 100.0 |   N/A |   N/A | 100.0 | 669.9
               +-------+-------+-------+-------+-------+----------------------

Table legend: (Time is in decaauts)
 A = Elapsed time spent in this place.
 B = Non-inter-level travel time spent in this place.
 C = Inter-level travel time spent in this place.
 D = Time resting spent in this place.
 E = Time spent auto-exploring this place.
 F = Levels seen in this place.
 G = Mean time per level.
                   A        B        C        D        E       F      G
               +--------+--------+--------+--------+--------+-----+--------+
         Total |   8902 |   8497 |    405 |   2035 |   5455 |   8 | 1112.8 |
       Dungeon |   8902 |   8497 |    405 |   2035 |   5455 |   8 | 1112.8 |
               +--------+--------+--------+--------+--------+-----+--------+

Top non-repeatable levels by time:
     D:4: 1651 daAuts
     D:1: 1524 daAuts
     D:5: 1389 daAuts
     D:7: 1322 daAuts
     D:2: 1197 daAuts
     D:3: 816 daAuts
     D:6: 806 daAuts
     D:8: 193 daAuts
